Map: Апофеоз РВ

Players

SiGG - Winner!

  • Race: Zerg Zerg
  • League: Master

brennus

  • Race: Zerg Zerg
  • League: Diamond

VOD

Have the link to the VOD?

Description

Time

  • Played on: Aug. 22, 2016, 9:21 a.m.
  • Length: 11:41
Show
View Real Time Build Order
Export as new Build Order

SiGG Zerg - Winner!

Build Orders: Hatch First, Muta Ling Bane 

Get SALT Encoding   

  12  0:00  Drone  
  13  0:13  Overlord  
  13  0:21  Drone  
  14  0:33  Drone x2  
  16  0:38  Drone  
  17  0:54  Hatchery  
  16  0:57  Drone  
  16  0:59  Drone  
  18  1:11  Extractor  
  18  1:14  Spawning Pool  
  18  1:17  Drone  
  17  1:23  Drone  
  18  1:31  Drone  
  19  1:42  Overlord  
  19  1:50  Drone  
  20  2:01  Queen  
  20  2:02  Zergling x2  
  20  2:06  Queen  
  20  2:07  Zergling x2  
  26  2:12  Metabolic Boost  
  26  2:13  Drone  
  27  2:17  Drone  
  28  2:25  Drone  
  28  2:29  Drone  
  30  2:33  Baneling Nest  
  29  2:44  Drone x2  
  29  2:45  Overlord  
  31  2:57  Drone  
  31  2:58  Hatchery  
  31  3:01  Drone  
  31  3:03  Drone  
  33  3:17  Drone  
  33  3:19  Lair  
  32  3:20  Drone  
  32  3:21  Drone  
  34  3:35  Drone, Extractor  
  34  3:36  Overlord, Drone  
  34  3:38  Drone x2  
  34  3:39  Drone  
  38  3:55  Zergling x8  
  42  3:59  Extractor  
  42  4:00  Drone x4  
  42  4:02  Extractor  
  44  4:07  Drone  
  44  4:08  Drone  
  46  4:10  Drone  
  47  4:19  Overlord  
  47  4:24  Spire  
  46  4:40  Overlord  
  46  4:41  Drone x3  
  46  4:42  Zergling x4  
  46  4:43  Zergling x10  
  56  4:51  Spine Crawler  
  56  4:52  Spine Crawler x2  
  52  4:53  Spine Crawler  
  52  4:57  Spine Crawler  
  52  4:59  Spine Crawler  
  48  5:06  Spine Crawler  
  47  5:12  Queen  
  48  5:26  Zergling x2  
  48  5:36  Mutalisk x6  
  48  5:38  Zergling x2  
  48  5:39  Zergling x8  
  48  5:42  Baneling x3  
  65  5:54  Zergling x4  
  65  5:55  Zergling x8  
  64  6:10  Mutalisk x2  
  68  6:15  Queen  
  64  6:22  Mutalisk  
  62  6:27  Drone x7  
  61  6:35  Mutalisk  
  63  6:48  Drone x4  
  63  6:50  Zerg Flyer Weapons Level 1  
  63  6:52  Drone  
  68  6:56  Queen  
  70  7:03  Mutalisk  
  70  7:06  Drone  
  70  7:07  Extractor  
  70  7:08  Overlord x2  
  72  7:10  Extractor  
  72  7:12  Baneling  
  71  7:20  Mutalisk  
  71  7:22  Zergling x8  
  70  7:34  Drone x3  
  70  7:35  Drone x5  
  70  7:36  Drone  
  76  7:46  Mutalisk x2  
  76  7:47  Drone  
  76  7:49  Overseer  
  81  7:57  Mutalisk  
  83  7:58  Drone  
  83  7:59  Drone  
  85  8:20  Mutalisk x2  
  85  8:25  Overlord x3  
  89  8:28  Overlord x2  
  89  8:39  Overlord  
  89  8:40  Overlord x2  
  89  8:51  Overseer  
  89  8:52  Drone x3  
  89  8:53  Drone x3  
  89  8:54  Drone  
  96  8:57  Overlord x2  
  96  9:05  Mutalisk x2  
  96  9:06  Centrifical Hooks  
  100  9:15  Zerg Flyer Weapons Level 2  
  100  9:17  Zergling x16  
  108  9:27  Drone x4  
  112  9:32  Hatchery  
  111  9:50  Drone x4  
  113  9:53  Mutalisk  
  113  9:54  Mutalisk x6  
  127  10:09  Zergling x6  
  127  10:10  Zergling x12  
  136  10:29  Baneling x2  
  136  10:30  Baneling x29  
  136  10:31  Baneling  
  136  10:41  Zergling x2  
  136  10:42  Zergling x20, Infestation Pit  
  146  10:59  Mutalisk x3  
  152  11:05  Baneling x5  
  152  11:06  Baneling  
  152  11:15  Extractor  
  152  11:18  Extractor  
Show
View Real Time Build Order
Export as new Build Order

brennus Zerg 

Build Orders: Hatch First 

Get SALT Encoding   

  12  0:01  Drone  
  13  0:10  Drone  
  14  0:38  Hatchery  
  14  0:41  Drone  
  14  0:54  Spawning Pool  
  13  1:01  Overlord  
  13  1:05  Drone  
  14  1:20  Drone x2  
  14  1:24  Drone  
  17  1:38  Extractor  
  16  1:41  Queen  
  16  1:42  Zergling x2  
  19  1:50  Queen  
  19  1:52  Drone  
  22  2:01  Drone  
  22  2:03  Drone  
  22  2:05  Drone  
  25  2:12  Drone  
  26  2:18  Roach Warren  
  26  2:22  Drone  
  26  2:26  Drone  
  27  2:31  Overlord  
  27  2:38  Drone  
  28  2:51  Overlord  
  28  2:52  Drone x2  
  29  3:03  Roach x3  
  35  3:07  Overlord  
  35  3:10  Drone  
  36  3:12  Extractor  
  34  3:20  Drone  
  34  3:21  Roach  
  34  3:25  Overlord  
  37  3:30  Drone  
  37  3:32  Drone  
  37  3:33  Drone  
  40  3:35  Drone x2  
  40  3:36  Drone  
  40  3:38  Metabolic Boost  
  40  3:41  Overlord  
  43  3:49  Roach  
  43  3:50  Roach  
  43  3:52  Roach  
  49  3:56  Overlord  
  49  4:01  Queen  
  49  4:02  Roach  
  53  4:05  Roach x2  
  57  4:10  Overlord  
  57  4:12  Roach  
  59  4:20  Zergling x4  
  59  4:21  Zergling x2  
  62  4:31  Hatchery  
  61  4:35  Zergling x2  
  61  4:36  Zergling x2  
  63  4:55  Zergling x2  
  63  4:56  Zergling x6  
  67  5:00  Zergling x4  
  67  5:01  Zergling x8  
  67  5:04  Lair  
  67  5:06  Spore Crawler  
  72  5:25  Roach x2  
  72  5:26  Roach x3  
  72  5:27  Overlord  
  82  5:32  Spore Crawler, Lair  
  82  5:35  Extractor  
  75  6:00  Roach  
  75  6:01  Roach  
  78  6:08  Drone x3  
  78  6:11  Queen  
  81  6:12  Drone x3  
  81  6:18  Spore Crawler  
  55  6:37  Zergling x2  
  55  6:38  Zergling x4  
  57  6:42  Queen  
  57  6:43  Drone x4  
  57  6:45  Spore Crawler  
  57  6:46  Queen  
  57  6:47  Spore Crawler  
  63  6:50  Drone  
  63  6:51  Drone x2, Hydralisk Den  
  65  6:55  Extractor  
  65  6:56  Evolution Chamber  
  65  6:59  Drone  
  64  7:08  Drone x3  
  67  7:10  Drone x2, Extractor  
  64  7:35  Hydralisk x3  
  60  7:38  Muscular Augments  
  60  7:39  Hydralisk x5  
  70  7:49  Hydralisk x5  
  80  7:57  Overlord x2  
  80  8:11  Overlord x2  
  80  8:17  Hydralisk x3  
  85  8:23  Drone x5  
  90  8:28  Roach Warren, Zerg Missile Weapons Level 1  
  89  8:43  Drone  
  89  8:44  Drone  
  90  8:51  Drone  
  90  8:52  Drone x2  
  93  8:56  Drone  
  93  8:57  Drone  
  93  8:59  Infestation Pit  
  94  9:04  Overlord x2  
  91  9:13  Hatchery  
  90  9:17  Drone x2  
  90  9:23  Drone x4  
  96  9:25  Glial Reconstitution  
  96  9:28  Drone x3  
  96  9:29  Drone  
  98  9:45  Drone  
  99  9:48  Extractor  
  98  9:53  Pathogen Glands  
  98  9:55  Roach  
  98  9:56  Roach x3  
  98  9:58  Overlord x2  
  98  9:59  Hydralisk x3  
  110  10:06  Drone  
  110  10:07  Drone  
  114  10:32  Hydralisk x2  
  118  10:37  Drone x2  
  120  10:43  Spore Crawler  
  121  10:57  Roach x4  
  121  10:58  Overlord  
  121  10:59  Overlord x3  
  121  11:03  Spore Crawler  
  126  11:05  Spore Crawler  
  126  11:06  Evolution Chamber  
Tags
 
Add a new tag
Caveats
  • Supply blocks, unpowered buildings, or Contaminate may cause inaccurate times.
  • Supply counts are checked every 10 seconds.